[Event "ICC tourney 2545 (5 3)"]
[Site "Internet Chess Club"]
[Date "2021.04.11"]
[Round "3"]
[White "byumitchell"]
[Black "Moncu"]
[Result "0-1"]
[ICCResult "White resigns"]
[WhiteElo "1182"]
[BlackElo "2431"]
[Opening "Sicilian defense"]
[ECO "B32"]
[NIC "SI.32"]
[Time "14:53:05"]
[TimeControl "300+3"]

1. e4 c5 2. Nf3 Nc6 3. d4 cxd4 4. Nxd4 Qb6 5. Nxc6 dxc6 6. Nc3 e5 7. Bc4 Nf6
8. Bb3 Be7 9. f3 O-O 10. Qe2 Nd7 11. Be3 Qc7 12. O-O-O a5 13. a3 Nc5 14. Ba2
b5 15. h4 b4 16. axb4 axb4 17. Nb1 Rxa2 18. g4 Be6 19. g5 b3 20. c3 Na4 21.
Rd2 Ra1 22. g6 Nxc3 23. bxc3 Ba3+ 24. Rb2 Ra8 25. gxh7+ Kh8 26. Kd1 Bxb2 27.
Rg1 Rxb1+ {White resigns} 0-1

[Event "ICC tourney 2545 (5 3)"]
[Site "Internet Chess Club"]
[Date "2021.04.11"]
[Round "3"]
[White "CKGhosh"]
[Black "Kroger"]
[Result "1-0"]
[ICCResult "Black resigns"]
[WhiteElo "1811"]
[BlackElo "1651"]
[Opening "French: Two knights variation"]
[ECO "C00"]
[NIC "FR.01"]
[Time "14:53:23"]
[TimeControl "300+3"]

1. e4 e6 2. Nf3 d5 3. Nc3 c5 4. a3 d4 5. Ne2 Nc6 6. c3 e5 7. Ng3 Bd6 8. Bc4
Nge7 9. d3 O-O 10. O-O Rb8 11. h3 b5 12. Ba2 a5 13. Nh4 b4 14. axb4 axb4 15.
cxd4 Nxd4 16. Bc4 Nd5 17. exd5 Qxh4 18. Ne4 Rb6 19. Bg5 f5 20. Bxh4 fxe4 21.
dxe4 Rb7 22. Ra8 Rbf7 23. Bg3 h6 24. Bxe5 Bxe5 25. d6 Be6 26. Rxf8+ Kxf8 27.
Bxe6 Nxe6 28. Qd5 {Black resigns} 1-0

[Event "ICC tourney 2545 (5 3)"]
[Site "Internet Chess Club"]
[Date "2021.04.11"]
[Round "3"]
[White "doogie"]
[Black "Sameir-Ramez"]
[Result "1-0"]
[ICCResult "Black resigns"]
[WhiteElo "2054"]
[BlackElo "1948"]
[Opening "QGD: Cambridge Springs defense, Capablanca variation"]
[ECO "D52"]
[NIC "QO.15"]
[Time "14:52:44"]
[TimeControl "300+3"]

1. d4 d5 2. Nf3 Nf6 3. c4 e6 4. Nc3 c6 5. Bg5 Nbd7 6. e3 Qa5 7. Bxf6 Nxf6 8.
Be2 Bb4 9. Qc2 Ne4 10. Rc1 Qxa2 11. O-O Nxc3 12. bxc3 Qxc2 13. Rxc2 Bd6 14.
c5 Bc7 15. c4 O-O 16. g3 f6 17. Rb2 e5 18. cxd5 cxd5 19. Ra1 a5 20. Nd2 Ra7
21. Bf3 e4 22. Bd1 Bd7 23. Bb3 Bc6 24. Nxe4 a4 25. Nc3 Rd8 26. e4 Ba5 27.
Bxd5+ Kh8 28. Ne2 Bxd5 29. exd5 Rxd5 30. Rxa4 Ra6 31. Rxb7 g5 32. Rb5 Re6
33. Kf1 Bd8 34. Nc3 Rd7 35. d5 Re8 36. c6 Rde7 37. d6 Re1+ 38. Kg2 Rc1 39.
Rc4 g4 40. c7 Bxc7 41. dxc7 Rc8 42. Rb8 {Black resigns} 1-0

[Event "ICC tourney 2545 (5 3)"]
[Site "Internet Chess Club"]
[Date "2021.04.11"]
[Round "3"]
[White "ElMathador"]
[Black "rishik99"]
[Result "0-1"]
[ICCResult "White checkmated"]
[WhiteElo "1307"]
[BlackElo "1306"]
[Opening "Queen's pawn, Mason variation"]
[ECO "D00"]
[NIC "QP.08"]
[Time "14:52:42"]
[TimeControl "300+3"]

1. d4 d5 2. Bf4 h5 3. Nf3 Nf6 4. e3 Bf5 5. c4 e6 6. Nc3 Nbd7 7. Be2 dxc4 8.
O-O Nb6 9. Nd2 Bd6 10. Bg3 h4 11. Bxd6 Qxd6 12. h3 g5 13. Re1 O-O-O 14. Nb5
Qd5 15. Nc3 Qc6 16. Bf3 Qd7 17. e4 Qxd4 18. exf5 Qxd2 19. Qxd2 Rxd2 20. Nb5
a6 21. Na7+ Kb8 22. fxe6 fxe6 23. Nc6+ bxc6 24. Rxe6 Rf8 25. Rae1 Rf7 26.
Bxc6 Rxb2 27. Kh2 Rxf2 28. Rd1 Nh5 29. Re8+ Ka7 30. Ra8+ Nxa8 31. Rd8 Nb6
32. Rh8 Nf4 33. Be8 Re7 34. Bg6 Rxg2+ 35. Kh1 Re1# {White checkmated} 0-1

[Event "ICC tourney 2545 (5 3)"]
[Site "Internet Chess Club"]
[Date "2021.04.11"]
[Round "3"]
[White "Rasalaghe"]
[Black "dashriprock"]
[Result "0-1"]
[ICCResult "White resigns"]
[WhiteElo "1187"]
[BlackElo "1455"]
[Opening "French: advance, Nimzovich system"]
[ECO "C02"]
[NIC "FR.03"]
[Time "14:53:42"]
[TimeControl "300+3"]

1. e4 e6 2. d4 d5 3. e5 c5 4. Nf3 cxd4 5. Nxd4 Ne7 6. Bb5+ Bd7 7. Nc3 a6 8.
Ba4 Bxa4 9. Nxa4 b5 10. Nc3 Nbc6 11. Nxc6 Nxc6 12. Bf4 Bb4 13. a3 Ba5 14.
O-O O-O 15. Qg4 f6 16. Bh6 Rf7 17. Bf4 fxe5 18. Bg5 Qc7 19. Rae1 Bxc3 20.
bxc3 Na5 21. Qxe6 Qxc3 22. Rxe5 Rf8 23. Rf5 Qc6 24. Qxc6 Nxc6 25. Rxd5 Rf5
26. Rxf5 Rxf5 27. Be3 Na5 28. g4 Rd5 29. Ra1 Nc4 30. Kg2 Nxe3+ 31. fxe3 Rd2+
32. Kg3 Rxc2 33. h4 Rc3 34. Kf4 Kf7 35. e4 Rc4 36. h5 h6 37. Kf5 Rc5+ 38. e5
Rc3 39. Ke4 Ke6 40. Rd1 Rc4+ 41. Rd4 Rxd4+ 42. Kxd4 a5 43. Kc5 b4 44. axb4
axb4 {White resigns} 0-1

[Event "ICC tourney 2545 (5 3)"]
[Site "Internet Chess Club"]
[Date "2021.04.11"]
[Round "3"]
[White "cocokiu"]
[Black "EthanVSA"]
[Result "0-1"]
[ICCResult "White checkmated"]
[WhiteElo "1375"]
[BlackElo "1395"]
[Opening "Philidor: López counter-gambit"]
[ECO "C41"]
[NIC "KP.10"]
[Time "14:53:43"]
[TimeControl "300+3"]

1. e4 e5 2. Nf3 d6 3. Bc4 f5 4. d3 fxe4 5. dxe4 Nc6 6. Ng5 Nh6 7. Nf3 Ng8 8.
O-O Be7 9. Nc3 h6 10. Nd5 Nf6 11. Nxf6+ Bxf6 12. Ne1 Qe7 13. Nd3 Bd7 14.
Qh5+ Kd8 15. a3 Nd4 16. c3 Nb5 17. Bxb5 Bxb5 18. Qd1 Kd7 19. Re1 Rad8 20. a4
Bxd3 21. Qxd3 Bg5 22. Bxg5 hxg5 23. a5 a6 24. b4 Qf6 25. b5 Qh6 26. h3 g4
27. bxa6 gxh3 28. gxh3 Qg5+ 29. Kf1 bxa6 30. Qxa6 Rxh3 31. Qb5+ Ke7 32. Ke2
Qg4+ 33. Kd2 Qf4+ 34. Kc2 Qxf2+ 35. Kb3 Qd2 36. Rec1 Rhh8 37. a6 Rb8 38.
Qxb8 Rxb8+ 39. Kc4 Qe2+ 40. Kd5 Qb5# {White checkmated} 0-1

[Event "ICC tourney 2545 (5 3)"]
[Site "Internet Chess Club"]
[Date "2021.04.11"]
[Round "3"]
[White "kdbel"]
[Black "justlucky"]
[Result "1-0"]
[ICCResult "Black checkmated"]
[WhiteElo "1556"]
[BlackElo "1275"]
[Opening "Caro-Kann: Bronstein-Larsen variation"]
[ECO "B16"]
[NIC "CK.07"]
[Time "14:53:23"]
[TimeControl "300+3"]

1. e4 c6 2. d4 d5 3. Nc3 dxe4 4. Nxe4 Nf6 5. Nxf6+ gxf6 6. Be3 Bf5 7. Nf3
Nd7 8. Bd3 Bxd3 9. Qxd3 Qb6 10. O-O-O Bg7 11. Rhe1 e6 12. d5 Qa5 13. dxe6
Nf8 14. exf7+ Kxf7 15. Qb3+ Kg6 16. Nh4+ Kh5 17. Bd2 Rd8 18. Qf3+ Kxh4 19.
Qh3# {Black checkmated} 1-0

[Event "ICC tourney 2545 (5 3)"]
[Site "Internet Chess Club"]
[Date "2021.04.11"]
[Round "3"]
[White "Fraxxinus"]
[Black "Toya"]
[Result "1-0"]
[ICCResult "Black resigns"]
[WhiteElo "1574"]
[BlackElo "1383"]
[Opening "Petrov: Nimzovich attack"]
[ECO "C42"]
[NIC "RG.03"]
[Time "14:52:13"]
[TimeControl "300+3"]

1. e4 e5 2. Nf3 Nf6 3. Nxe5 d6 4. Nf3 Nxe4 5. Nc3 d5 6. Qe2 Be7 7. Nxe4 dxe4
8. Qxe4 O-O 9. Bc4 Nc6 10. O-O Bf6 11. c3 Re8 12. Qc2 Be6 13. Bxe6 Rxe6 14.
d4 Re8 15. Bf4 a6 16. Rfe1 Qd7 17. h3 b5 18. Bg5 Bxg5 19. Nxg5 f5 20. Qb3+
Kh8 21. Nf7+ Kg8 22. Nd6+ Kh8 23. Nxe8 Rxe8 24. Rxe8+ Qxe8 25. Qd5 g6 26.
Kf1 Qe4 27. Qxe4 fxe4 28. Re1 b4 29. Rxe4 bxc3 30. bxc3 Kg7 31. Re6 Nb8 32.
Re7+ Kf6 33. Rxc7 a5 34. Rxh7 Nc6 35. Rc7 Ne7 36. Rxe7 Kxe7 37. Ke2 Kd6 38.
Kd3 Kd5 39. c4+ Kd6 40. a4 g5 41. g3 Ke6 42. Ke4 Kf6 43. d5 {Black resigns}
1-0

[Event "ICC tourney 2545 (5 3)"]
[Site "Internet Chess Club"]
[Date "2021.04.11"]
[Round "3"]
[White "JstackGA"]
[Black "aga"]
[Result "0-1"]
[ICCResult "White resigns"]
[WhiteElo "1434"]
[BlackElo "2023"]
[Opening "Sicilian: closed"]
[ECO "B23"]
[NIC "SI.44"]
[Time "14:53:23"]
[TimeControl "300+3"]

1. e4 c5 2. Nc3 d6 3. d4 cxd4 4. Qxd4 Nc6 5. Qd2 Nf6 6. b3 g6 7. Bb2 Bg7 8.
O-O-O Be6 9. f4 a6 10. h3 Qc7 11. Nf3 b5 12. Ng5 Bd7 13. Kb1 O-O 14. g4 b4
15. Nd5 Nxd5 16. exd5 Na7 17. Bxg7 Kxg7 18. Qd4+ Kg8 19. Bd3 Bb5 20. h4 Bxd3
21. Rxd3 Rfc8 22. Rd2 Nb5 23. Qd3 Na3+ 24. Kb2 Qc3+ 25. Qxc3 bxc3+ 26. Kxa3
cxd2 27. c4 a5 28. Rd1 a4 29. Kb2 Rab8 30. Rxd2 Rxc4 31. Rf2 Rd4 32. Re2 Rb7
33. f5 Rxd5 34. fxg6 hxg6 35. Nf3 axb3 36. axb3 Rd3 37. Nd2 Rd4 38. Kc3 Rxg4
39. h5 gxh5 40. b4 e5 41. Nc4 Rc7 {White resigns} 0-1

[Event "ICC tourney 2545 (5 3)"]
[Site "Internet Chess Club"]
[Date "2021.04.11"]
[Round "3"]
[White "Structor99"]
[Black "chess2thesun"]
[Result "0-1"]
[ICCResult "White resigns"]
[WhiteElo "1915"]
[BlackElo "2079"]
[Opening "Queen's gambit declined"]
[ECO "D30"]
[NIC "QP.08"]
[Time "14:53:23"]
[TimeControl "300+3"]

1. d4 d5 2. c4 e6 3. Nf3 c6 4. Qc2 dxc4 5. Qxc4 Nf6 6. e3 b5 7. Qc2 Bb7 8.
Be2 Nbd7 9. O-O Be7 10. Rd1 O-O 11. a4 b4 12. Nbd2 c5 13. Nc4 cxd4 14. Nxd4
a6 15. b3 Qc7 16. Bb2 Rac8 17. Rac1 Nc5 18. Bf3 Bxf3 19. Nxf3 Nd5 20. e4 Nc3
21. Bxc3 bxc3 22. e5 Nxb3 23. Nd6 Nxc1 24. Nxc8 Rxc8 25. Rxc1 Qc4 26. h4
Bxh4 27. Rd1 Be7 28. Rd7 Qb4 29. Nd4 Bc5 30. Nf3 h6 31. Qe4 Qxe4 {White
resigns} 0-1

[Event "ICC tourney 2545 (5 3)"]
[Site "Internet Chess Club"]
[Date "2021.04.11"]
[Round "3"]
[White "arjun-venkat"]
[Black "fedown"]
[Result "1-0"]
[ICCResult "Black resigns"]
[WhiteElo "1271"]
[BlackElo "1414"]
[Opening "Robatsch (modern) defense"]
[ECO "B06"]
[NIC "KF.06"]
[Time "14:52:24"]
[TimeControl "300+3"]

1. e4 g6 2. Nc3 b6 3. Nf3 Bg7 4. d4 Bb7 5. Be3 e6 6. Bc4 Ne7 7. O-O d6 8. d5
e5 9. Qe2 O-O 10. Rfd1 Nd7 11. Rd2 h6 12. Rdd1 Kh7 13. Qd2 Ng8 14. h3 f5 15.
exf5 Rxf5 16. Bd3 Rf7 17. Be4 Ndf6 18. Qd3 Nxe4 19. Qxe4 Nf6 20. Qd3 Qe7 21.
Qc4 a6 22. Ne4 Raf8 23. Nxf6+ Rxf6 24. Qh4 Kg8 25. Bxh6 Bxh6 26. Qxh6 Qg7
27. Qxg7+ Kxg7 28. Ng5 Bc8 29. Rd2 Kh6 30. Ne4 Rf4 31. Ng3 g5 32. Re1 g4 33.
hxg4 Bxg4 34. f3 Bd7 35. Re4 Re8 36. Rde2 Kg5 37. Rxf4 Kxf4 38. Ne4 Rg8 39.
Nf6 Rg7 40. Nh5+ Kf5 41. Nxg7+ {Black resigns} 1-0

[Event "ICC tourney 2545 (5 3)"]
[Site "Internet Chess Club"]
[Date "2021.04.11"]
[Round "3"]
[White "Barbo2019"]
[Black "siddarth1"]
[Result "0-1"]
[ICCResult "White forfeits on time"]
[WhiteElo "1205"]
[BlackElo "1443"]
[Opening "Sicilian: Nimzovich-Rossolimo attack (without ...d6)"]
[ECO "B30"]
[NIC "SI.31"]
[Time "14:53:43"]
[TimeControl "300+3"]

1. e4 c5 2. Nf3 Nc6 3. Bb5 e6 4. Bxc6 bxc6 5. d4 cxd4 6. Qxd4 Nf6 7. Bg5
Qa5+ 8. Nc3 Bc5 9. Qd2 Ba6 10. Bxf6 gxf6 11. O-O-O O-O-O 12. Nd4 Bxd4 13.
Qxd4 Qg5+ 14. Kb1 Kb7 15. g3 c5 16. Qd6 Qe5 {White forfeits on time} 0-1

[Event "ICC tourney 2545 (5 3)"]
[Site "Internet Chess Club"]
[Date "2021.04.11"]
[Round "3"]
[White "cap78red"]
[Black "zugspitze"]
[Result "0-1"]
[ICCResult "White checkmated"]
[WhiteElo "1410"]
[BlackElo "1622"]
[Opening "English: Caro-Kann defensive system"]
[ECO "A11"]
[NIC "EO.64"]
[Time "14:53:18"]
[TimeControl "300+3"]

1. c4 c6 2. Nc3 d5 3. e3 Nf6 4. d4 g6 5. Nf3 Bg7 6. Be2 O-O 7. O-O Bg4 8. h3
Bf5 9. cxd5 cxd5 10. Qb3 b6 11. Ne5 Bc8 12. Bf3 e6 13. e4 Bb7 14. exd5 Nxd5
15. Nxd5 Bxd5 16. Bxd5 Qxd5 17. Qxd5 exd5 18. Bf4 Bxe5 19. Bxe5 Nc6 20. Rac1
Rac8 21. Bd6 Rfe8 22. Rfd1 f6 23. Kf1 Kf7 24. Rc3 Na5 25. Rxc8 Rxc8 26. Ke2
Rc2+ 27. Rd2 Rxd2+ 28. Kxd2 Nc4+ 29. Kc3 Nxd6 30. b4 Ne4+ 31. Kb3 Nxf2 32.
Ka4 a6 33. b5 a5 34. Kb3 Ke6 35. g4 Nxh3 36. Kc3 Nf2 37. Kd2 Nxg4 38. Ke2
Kf5 39. Kf3 h5 40. Kg3 Ke4 41. Kh4 Kxd4 42. Kg3 Ke3 43. Kh4 d4 44. Kg3 d3
45. a4 d2 46. Kh4 d1=Q 47. Kh3 Qh1+ 48. Kg3 Qf3+ 49. Kh4 Qf2+ 50. Kh3 Qh2#
{White checkmated}
0-1

[Event "ICC tourney 2545 (5 3)"]
[Site "Internet Chess Club"]
[Date "2021.04.11"]
[Round "3"]
[White "GGuseinov"]
[Black "blitzaaja"]
[Result "1-0"]
[ICCResult "Black checkmated"]
[WhiteElo "2726"]
[BlackElo "1805"]
[Opening "French: Tarrasch, closed variation"]
[ECO "C05"]
[NIC "FR.16"]
[Time "14:53:05"]
[TimeControl "300+3"]

1. e4 e6 2. d4 d5 3. Nd2 Nf6 4. e5 Nfd7 5. Ngf3 c5 6. c3 Nc6 7. Bd3 f6 8.
exf6 Nxf6 9. O-O cxd4 10. cxd4 Bd6 11. Re1 O-O 12. Nf1 Bd7 13. Ng3 Qb6 14.
a3 Kh8 15. b4 Nxd4 16. Nxd4 Qxd4 17. Be3 Qh4 18. f3 Bxg3 19. hxg3 Qxg3 20.
Bd4 Nh5 21. Bf2 Qg5 22. Bf1 Nf4 23. g3 Nh5 24. Qc1 Qxc1 25. Raxc1 Rac8 26.
g4 Nf4 27. Bxa7 Ra8 28. Bc5 Rfc8 29. b5 h6 30. Bd6 Ng6 31. Kf2 Kg8 32. Kg3
Kf7 33. Bd3 Ne7 34. f4 Ng8 35. g5 Ne7 36. Rxc8 Rxc8 37. f5 hxg5 38. fxe6+
Bxe6 39. Bxe7 Kxe7 40. Bf5 Rc3+ 41. Kg4 Rxa3 42. Rxe6+ Kf7 43. Rb6 Ra7 44.
Kxg5 d4 45. Be4 Kf8 46. Kf5 Ke8 47. Ke5 d3 48. Bxd3 Kd8 49. Rg6 Kc8 50. Bf5+
Kb8 51. Rxg7 Ra1 52. b6 Re1+ 53. Be4 Rc1 54. Rxb7+ Ka8 55. Ra7+ Kb8 56. Ra8#
{Black checkmated}
1-0

[Event "ICC tourney 2545 (5 3)"]
[Site "Internet Chess Club"]
[Date "2021.04.11"]
[Round "3"]
[White "sceptic"]
[Black "Rickyb"]
[Result "0-1"]
[ICCResult "White resigns"]
[WhiteElo "1533"]
[BlackElo "2230"]
[Opening "Sicilian: closed, 6.Be3"]
[ECO "B26"]
[NIC "SI.45"]
[Time "14:53:21"]
[TimeControl "300+3"]

1. e4 c5 2. Nc3 d6 3. g3 g6 4. Bg2 Bg7 5. d3 Nc6 6. Be3 Rb8 7. Qd2 b5 8. f4
b4 9. Nd1 a5 10. Nf3 Ba6 11. O-O Nf6 12. h3 O-O 13. g4 c4 14. f5 Nd7 15. Nf2
Bxb2 16. Rab1 Bc3 17. Qc1 cxd3 18. cxd3 Nce5 19. Bh6 Nxd3 20. Qg5 Bf6 21.
Qe3 N3e5 22. Bxf8 Bxf1 23. Rxf1 Nxf3+ 24. Bxf3 Qxf8 25. g5 Bg7 26. Ng4 Qd8
27. fxg6 hxg6 28. Bd1 Qb6 29. Qxb6 Nxb6 30. Bb3 e6 31. Nf6+ Bxf6 32. Rxf6 a4
33. Bc2 Rc8 34. Bd3 Rc3 35. Bb5 b3 36. Rf2 Rc1+ 37. Kg2 Rc2 38. axb3 axb3
39. Bd3 Rxf2+ 40. Kxf2 b2 41. Ke2 Nc4 {White resigns} 0-1

[Event "ICC tourney 2545 (5 3)"]
[Site "Internet Chess Club"]
[Date "2021.04.11"]
[Round "3"]
[White "WestCoastGirl"]
[Black "zena"]
[Result "1-0"]
[ICCResult "Black forfeits on time"]
[WhiteElo "1464"]
[BlackElo "1339"]
[Opening "Reversed Grob (Borg/Basman defense/macho Grob)"]
[ECO "B00"]
[NIC "VO.17"]
[Time "14:53:26"]
[TimeControl "300+3"]

1. e4 g5 2. d4 h6 3. Be3 Bg7 4. Nc3 d6 5. Qd2 c5 6. Bc4 cxd4 7. Bxd4 Nf6 8.
f3 Nc6 9. Be3 Bd7 10. O-O-O Na5 11. Be2 Nc6 12. Kb1 a5 13. h4 gxh4 14. Nh3
Nh5 15. Nf4 Ng3 16. Rhg1 e5 17. Nfd5 f5 18. Bb6 Qg5 19. Qxg5 hxg5 20. Nc7+
Ke7 21. N3d5+ Kf7 22. Nxa8 Rxa8 23. exf5 Bxf5 24. Ne3 Nxe2 25. Nxf5 Nxg1 26.
Nxd6+ Ke6 27. Bxg1 Nd4 28. Ne4 Rc8 29. c3 Ne2 30. Nxg5+ Kf5 31. Ne4 Rh8 32.
Bb6 h3 33. gxh3 Rxh3 34. Bxa5 Rxf3 35. Nd6+ {Black forfeits on time} 1-0

[Event "ICC tourney 2545 (5 3)"]
[Site "Internet Chess Club"]
[Date "2021.04.11"]
[Round "3"]
[White "jacobsperber"]
[Black "IsaiahS"]
[Result "1-0"]
[ICCResult "Black checkmated"]
[WhiteElo "1256"]
[BlackElo "1351"]
[Opening "QGD: Harrwitz attack"]
[ECO "D35"]
[NIC "QO.16"]
[Time "14:53:40"]
[TimeControl "300+3"]

1. d4 d5 2. c4 e6 3. Nc3 Nf6 4. Bf4 Bb4 5. e3 O-O 6. Bd3 Bd7 7. Qc2 Nc6 8.
Nf3 Bd6 9. Bxd6 cxd6 10. cxd5 Nb4 11. Qe2 Nxd3+ 12. Qxd3 exd5 13. O-O h6 14.
Rac1 a6 15. Rc2 Bc6 16. Rfc1 Re8 17. b4 Ne4 18. a4 Nxc3 19. Rxc3 Bxa4 20.
Qb1 Bc6 21. Kh1 Qd7 22. Ng1 Rec8 23. Ne2 g5 24. R3c2 Bb5 25. Nc3 Bd3 26.
Nxd5 Bxc2 27. Rxc2 Rxc2 28. Nf6+ Kg7 29. Nxd7 Rac8 30. Nc5 Rc4 31. Nd3 Rc2
32. g3 Re2 33. Kg2 Rcc2 34. Kf3 f5 35. Qb3 Kf6 36. h3 h5 37. Qd5 g4+ 38. Kg2
gxh3+ 39. Kxh3 Rcd2 40. Qxd6+ Kg7 41. Qe7+ Kh6 42. Qf8+ Kh7 43. Qxf5+ Kh6
44. Ne5 Kg7 45. Qg6+ Kh8 46. Nf7# {Black checkmated} 1-0

[Event "ICC tourney 2545 (5 3)"]
[Site "Internet Chess Club"]
[Date "2021.04.11"]
[Round "3"]
[White "luckylol3"]
[Black "ChalsparoV"]
[Result "0-1"]
[ICCResult "White resigns"]
[WhiteElo "1450"]
[BlackElo "1814"]
[Opening "Caro-Kann: Panov-Botvinnik attack, 5...e6"]
[ECO "B14"]
[NIC "CK.03"]
[Time "14:54:03"]
[TimeControl "300+3"]

1. e4 c6 2. d4 d5 3. exd5 cxd5 4. c4 Nf6 5. Nc3 e6 6. Bg5 Be7 7. Nf3 O-O 8.
Bxf6 Bxf6 9. Be2 Nc6 10. cxd5 exd5 11. O-O Bg4 12. Ne5 Bxe2 13. Qxe2 Nxd4
14. Qe3 Nc2 15. Qe2 Nxa1 16. Rxa1 Re8 17. f4 d4 18. Rd1 Qb6 19. Nd5 d3+ 20.
Qf2 Qxf2+ 21. Kxf2 Bxe5 22. fxe5 Rxe5 23. Rxd3 h6 24. Kf3 Kh8 25. Nc7 Rc8
26. Rd7 f6 {White resigns} 0-1

[Event "ICC tourney 2545 (5 3)"]
[Site "Internet Chess Club"]
[Date "2021.04.11"]
[Round "3"]
[White "asur67ferat"]
[Black "supergirl06"]
[Result "1-0"]
[ICCResult "Black checkmated"]
[WhiteElo "1613"]
[BlackElo "1504"]
[Opening "French defense"]
[ECO "B41"]
[NIC "FR.01"]
[Time "14:53:40"]
[TimeControl "300+3"]

1. e4 e6 2. d4 c5 3. Nf3 Nc6 4. Nc3 h6 5. d5 Nd4 6. Nxd4 cxd4 7. Qxd4 Nf6 8.
d6 b6 9. Nb5 Bxd6 10. Qxd6 Qe7 11. Nc7+ Kd8 12. Qxe7+ Kxe7 13. Nxa8 Bb7 14.
Nc7 Bxe4 15. Bd3 Bxg2 16. Rg1 Bh3 17. Bd2 Rc8 18. Bb4+ Kd8 19. Nb5 a5 20.
Bc3 Nd5 21. Rxg7 Nxc3 22. Nxc3 Ke7 23. O-O-O Rc5 24. Bb5 Rf5 25. Rxd7+ Kf6
26. Rgxf7+ Kg5 27. Ne4+ Kf4 28. Rxf5+ Kxf5 29. Ng3+ Ke5 30. Rh7 a4 31. Rxh6
a3 32. Rxh3 axb2+ 33. Kxb2 Kf4 34. Ne2+ Kg4 35. Rg3+ Kf5 36. Bd3+ Kf6 37. h4
e5 38. h5 Ke6 39. h6 b5 40. h7 b4 41. h8=Q b3 42. Qe8+ Kd5 43. Qd7+ Kc5 44.
Nc3 bxa2 45. Qd5+ Kb6 46. Rg6+ Kc7 47. Qf7+ Kd8 48. Rg8# {Black checkmated}
1-0

[Event "ICC tourney 2545 (5 3)"]
[Site "Internet Chess Club"]
[Date "2021.04.11"]
[Round "3"]
[White "willzen89"]
[Black "tistime"]
[Result "1-0"]
[ICCResult "Black checkmated"]
[WhiteElo "1840"]
[BlackElo "1311"]
[Opening "Caro-Kann: advance variation"]
[ECO "B12"]
[NIC "CK.04"]
[Time "14:53:08"]
[TimeControl "300+3"]

1. e4 c6 2. d4 d5 3. e5 Bf5 4. f4 e6 5. Nf3 c5 6. c3 Nc6 7. Be3 Qb6 8. Qd2
Be7 9. Be2 Nh6 10. h3 Bg6 11. g4 O-O 12. O-O f5 13. exf6 Rxf6 14. Ne5 Nxe5
15. dxe5 Rf7 16. b4 Rc8 17. a3 Qc6 18. b5 Qc7 19. a4 a6 20. Na3 axb5 21.
Nxb5 Qd7 22. Rf2 Be4 23. Raf1 Bh4 24. Rh2 Bg3 25. Bf3 Bxh2+ 26. Kxh2 Bxf3
27. Rxf3 Rff8 28. Qf2 Ra8 29. Bxc5 Rfc8 30. Bd4 Rxa4 31. Nd6 Rf8 32. Kg3 Nf7
33. Bc5 Nxd6 34. Bxd6 Rf7 35. Bb4 d4 36. Rd3 Qb5 37. Rxd4 Rd7 38. Qd2 Rxd4
39. Qxd4 h6 40. f5 exf5 41. gxf5 Qf1 42. Qe4 Qg1+ 43. Kh4 g5+ 44. Kh5 Qd1+
45. Kg6 Ra6+ 46. f6 Qd7 47. Qc4+ Kh8 48. Be7 Qxh3 49. Bd6 Qd7 50. Qf7 Qxf7+
51. Kxf7 g4 52. e6 Rxd6 53. e7 Rd7 54. Ke6 Rd1 55. e8=Q+ Kh7 56. Qf7+ Kh8
57. Qg7# {Black checkmated} 1-0

[Event "ICC tourney 2545 (5 3)"]
[Site "Internet Chess Club"]
[Date "2021.04.11"]
[Round "3"]
[White "Bushchess"]
[Black "Schlomo"]
[Result "0-1"]
[ICCResult "White checkmated"]
[WhiteElo "1517"]
[BlackElo "1983"]
[Opening "Réti opening"]
[ECO "A04"]
[NIC "QP.11"]
[Time "14:52:56"]
[TimeControl "300+3"]

1. Nf3 c6 2. g3 d5 3. Bg2 Nf6 4. O-O g6 5. d3 Bg7 6. Nbd2 O-O 7. e4 dxe4 8.
Nxe4 Nxe4 9. dxe4 Qb6 10. c3 Be6 11. Be3 Qxb2 12. Bd4 Bxd4 13. cxd4 b6 14.
d5 cxd5 15. Nd4 Bd7 16. exd5 Na6 17. Re1 Rae8 18. Rb1 Qa3 19. Qd2 Qd6 20.
Qh6 Nc5 21. Re3 Qf6 22. Nf3 e6 23. d6 Rd8 24. Ne5 Qg7 25. Qh4 f6 26. Nc4
Rfe8 27. Ra3 Bc8 28. Bc6 Rf8 29. d7 Bxd7 30. Rxa7 g5 31. Qh3 Qg6 32. Rxb6
Bxc6 33. Rxc6 Rd1+ 34. Kg2 Qe4+ 35. f3 Qe2# {White checkmated} 0-1

[Event "ICC tourney 2545 (5 3)"]
[Site "Internet Chess Club"]
[Date "2021.04.11"]
[Round "3"]
[White "cstefan"]
[Black "HEM"]
[Result "0-1"]
[ICCResult "White resigns"]
[WhiteElo "1965"]
[BlackElo "1641"]
[Opening "Sicilian: closed"]
[ECO "B23"]
[NIC "SI.44"]
[Time "14:53:21"]
[TimeControl "300+3"]

1. e4 c5 2. Nc3 e6 3. Nge2 Nc6 4. g3 g6 5. Bg2 Bg7 6. d3 Nge7 7. Be3 Nd4 8.
Qd2 Nec6 9. Nc1 O-O 10. Nd1 d6 11. c3 Nb5 12. Bh6 e5 13. Bxg7 Kxg7 14. Ne3
Nc7 15. Ne2 f5 16. f4 Be6 17. O-O Qd7 18. Rf2 Rf7 19. d4 cxd4 20. cxd4 fxe4
21. d5 Raf8 22. dxe6 Nxe6 23. Bxe4 exf4 24. gxf4 Nxf4 25. Nxf4 Rxf4 26. Rxf4
Rxf4 27. Bg2 Ne5 28. Rf1 Rxf1+ 29. Bxf1 Nf3+ 30. Kf2 Nxd2 31. Bg2 Qf7+ 32.
Ke2 Qxa2 33. Kxd2 Qxb2+ 34. Kd3 b5 35. h3 a5 36. Bd5 a4 37. Nc2 b4 38. Nd4
Qc3+ 39. Ke4 b3 40. Ne6+ Kf6 41. Nf4 a3 42. Bg8 Qe5+ 43. Kf3 Qxf4+ 44. Kxf4
a2 45. Bxb3 a1=Q {White resigns} 0-1

[Event "ICC tourney 2545 (5 3)"]
[Site "Internet Chess Club"]
[Date "2021.04.11"]
[Round "3"]
[White "Visam"]
[Black "Astigmatist"]
[Result "1-0"]
[ICCResult "Black resigns"]
[WhiteElo "2586"]
[BlackElo "1789"]
[Opening "Réti: King's Indian attack (Barcza system)"]
[ECO "A07"]
[NIC "QP.09"]
[Time "14:52:51"]
[TimeControl "300+3"]

1. Nf3 d5 2. g3 Nf6 3. Bg2 g6 4. O-O Bg7 5. b3 O-O 6. c4 Ne4 7. d4 c5 8. Bb2
cxd4 9. Nxd4 e6 10. cxd5 exd5 11. Nc3 Nxc3 12. Bxc3 Nc6 13. Nxc6 bxc6 14.
Bxg7 Kxg7 15. Rc1 Bd7 16. e4 dxe4 17. Qd4+ Kg8 18. Bxe4 Bh3 19. Rfd1 Qa5 20.
Qd2 Qh5 21. Bxc6 Rac8 22. Bg2 Bg4 23. Re1 Rcd8 24. Qf4 Rd3 25. Re5 Bf5 26.
f3 Rfd8 27. Rce1 f6 28. Re7 Rd1 29. Qc4+ Kh8 30. Qf7 Rxe1+ 31. Rxe1
{Black resigns}
1-0

[Event "ICC tourney 2545 (5 3)"]
[Site "Internet Chess Club"]
[Date "2021.04.11"]
[Round "3"]
[White "realleosantos"]
[Black "ranadiw"]
[Result "0-1"]
[ICCResult "White forfeits on time"]
[WhiteElo "1310"]
[BlackElo "1133"]
[Opening "Sicilian defense"]
[ECO "B30"]
[NIC "SI.31"]
[Time "14:52:34"]
[TimeControl "300+3"]

1. e4 c5 2. Nf3 Nc6 3. Bc4 e6 4. O-O a6 5. d3 g6 6. Be3 Qb6 7. b3 Bg7 8. c3
a5 9. d4 cxd4 10. cxd4 Qc7 11. Nbd2 a4 12. bxa4 Na5 13. Bb5 Ne7 14. Rc1 Qd8
15. Ng5 h6 16. Ngf3 O-O 17. Ne5 d6 18. Ng4 h5 19. Nh6+ Kh7 20. g4 Bxh6 21.
Bxh6 Kxh6 22. gxh5 gxh5 23. Qf3 Ng6 24. Qe3+ Qg5+ 25. Qxg5+ Kxg5 26. Rc3 h4
27. Nf3+ Kh6 28. Kh1 Nc6 29. Rg1 Bd7 30. Rg4 f5 {White forfeits on time} 0-1